 Dungeon Crawl Stone Soup version 0.30-a0-341-g682706514a (webtiles) character file.

Game seed: 11072166235330511621

72 koil the Ruffian (level 4, -5/36 HPs)
             Began as a Draconian Transmuter on Nov 4, 2022.
             Slain by a gnoll
             ... wielding a +0 halberd
              (9 damage)
             ... on level 2 of the Dungeon.
             The game lasted 00:02:31 (1071 turns).

koil the Ruffian (Draconian Transmuter)             Turns: 1071, Time: 00:02:32

Health: -5/36      AC:  5    Str: 14    XL:     4   Next: 7%
Magic:  7/7        EV: 12    Int: 14    God:
Gold:   43         SH:  0    Dex: 11    Spells: 7/8 levels left

rFire   . . .      SeeInvis .      - Unarmed
rCold   . . .      Faith    .    (no shield)
rNeg    . . .      Spirit   .    (body armour unavailable)
rPois   .          Reflect  .    (helmet currently unavailable)
rElec   .          Harm     .    (no cloak)
rCorr   .          Rampage  .    (no gloves)
Will    .....                    (boots currently unavailable)
Stlth   +.........               (no amulet)
HPRegen 0.26/turn                (no ring)
MPRegen 0.10/turn                (no ring)

@: appendages
A: horns 2, talons 2, AC +5, unfitting armour, cold-blooded
a: End Transformation


You were on level 2 of the Dungeon.
You had temporarily grown beastly horns and talons.
You visited 1 branch of the dungeon, and saw 2 of its levels.

You collected 43 gold pieces.

Inventory:

Hand Weapons
 e - a +2 dagger of holy wrath
Missiles
 j - 4 poisoned darts
Armour
 d - an orb of wrath
Magical Staves
 g - a staff of earth
Scrolls
 b - 2 scrolls of amnesia {unknown}
 c - 3 scrolls of identify {unknown}
 f - a scroll of poison {unknown}
 h - a scroll of enchant armour {unknown}
Potions
 a - a potion of lignification
 i - a potion of ambrosia {unknown}


   Skills:
 + Level 2.0 Fighting
 + Level 2.3 Dodging
 + Level 3.4 Unarmed Combat
 + Level 2.5 Spellcasting
 + Level 2.6 Transmutations


You had 7 spell levels left.
You knew the following spells:

 Your Spells              Type           Power      Damage    Failure   Level
a - Beastly Appendage     Tmut           18%        N/A       8%          1

Your spell library contained the following spells:

 Spells                   Type           Power      Damage    Failure   Level
 Wereblood                Tmut           9%         N/A       12%         2
 Spider Form              Tmut/Pois      5%         N/A       36%         3
 Ice Form                 Ice/Tmut       5%         N/A       78%         4


Dungeon Overview and Level Annotations

Branches:
Dungeon (2/15)

Altars:

Shops:
D:2 *


Innate Abilities, Weirdness & Mutations

You have temporarily grown beastly horns and talons.
Your plain brown scales are hard. (AC +5)
You cannot fit into any form of body armour.
You are cold-blooded and may be slowed by cold attacks.


Message History

You kill the endoplasm!
No target in view!
You now have 43 gold pieces (gained 8).
A gnoll comes into view. It is wielding a +0 club.
The gnoll shouts!
You hear a shout!
The gnoll drinks a potion.
The gnoll suddenly seems more resistant.
You grow a pair of large bovine horns.
Your feet morph into talons.
A gnoll comes into view. It is wielding a +0 halberd.
The gnoll misses you.
You hit the gnoll. You claw the gnoll, but do no damage.
The gnoll is moderately wounded.
The gnoll hits you with a +0 club.
The gnoll hits you from afar with a +0 halberd!
You hit the gnoll. Your kick misses the gnoll.
The gnoll is severely wounded.
A ball python comes into view.
The gnoll hits you with a +0 club! The gnoll barely misses you.
You are too injured to fight recklessly!
You are too injured to fight recklessly!
You are too injured to fight recklessly!
Unknown command.
You hit the gnoll.
The gnoll is severely wounded.
The gnoll hits you with a +0 club. The gnoll closely misses you.
You hit the gnoll but do no damage. You claw the gnoll.
You headbutt the gnoll, but do no damage.
The gnoll is almost dead.
A gnoll comes into view. It is wielding a +0 spear.
The gnoll closely misses you. The gnoll hits you with a +0 club.
The ball python attacks as you move away!
The ball python barely misses you. x2
You hit the ball python.
You kill the ball python!
The gnoll hits you from afar with a +0 halberd!
* * * LOW HITPOINT WARNING * * *
You swing at nothing.
The gnoll hits you from afar with a +0 halberd!
You die...

##.... #.####
##### #....# #
#....# # #.... #
# ... # #.#####
#.# ##
#....$######.##
#.
#....gg†@.....###
#.
#.....g#####....#
#. #.......#
#.##.........#
#.#####.#
#.########## . #.
.. #.# # #.# #.#
##### .# #.#
#.... # ≈≈ #.#
#.... ~≈≈ #.#
#..†.


You could see 3 gnolls.

Vanquished Creatures
  A hound (D:2)
  An adder (D:2)
  A worm (D:1)
  3 dart slugs
  2 endoplasms
  2 goblins (D:1)
  3 hobgoblins
  A ball python (D:2)
  5 bats
  5 frilled lizards (D:2)
  3 kobolds (D:1)
  3 rats
30 creatures vanquished.

Vanquished Creatures (others)
  4 toadstools (D:1)
4 creatures vanquished.

Grand Total: 34 creatures vanquished

Notes
Turn   | Place    | Note
-------+----------+-------------------------------------------
     0 | D:1      | koil the Draconian Transmuter began the quest for the Orb.
     0 | D:1      | Reached XP level 1. HP: 16/16 MP: 3/3
   144 | D:1      | Reached XP level 2. HP: 20/23 MP: 3/5
   742 | D:2      | Reached XP level 3. HP: 25/29 MP: 4/6
  1020 | D:2      | Found Huhituuck's Assorted Antiques.
  1029 | D:2      | Reached XP level 4. HP: 36/36 MP: 7/7
  1071 | D:2      | Slain by a gnoll

Illustrated notes

Levels and vault maps discovered:
D:1:      ldierk_water_garden, layout_basic, nicolae_wormholes
D:2:      layout_rooms, serial_shops, nicolae_shop_waterfront,
          nicolae_concentric_dashed_squares_mild

Skill      XL: |  1  2  3 |
---------------+----------+-----
Dodging        | 2 |  2.3
Fighting       | 2 |  2.0
Unarmed Combat | |  3.4
Spellcasting   | |  2.5
Transmutations | |  2.6

Action                   |  1- 3 |  4- 6 || total
-------------------------+-------+-------++-------
Melee: Unarmed           |   102 |     9 ||   111
       Tailslap          |     9 |       ||     9
       Headbutt          |     4 |     1 ||     5
       Punch             |     4 |     1 ||     5
       Kick              |     3 |     2 ||     5
 Cast: Beastly Appendage |     6 |     1 ||     7
 Stab: Sleeping          |     1 |       ||     1
Armor: Skin              |    42 |     1 ||    43
Dodge: Dodged            |    99 |     8 ||   107

Table legend: (Time is in decaauts)
 A = Elapsed time spent in this place.
 B = Non-inter-level travel time spent in this place.
 C = Inter-level travel time spent in this place.
 D = Time resting spent in this place.
 E = Time spent auto-exploring this place.
 F = Levels seen in this place.
 G = Mean time per level.
                   A        B        C        D        E       F      G
               +--------+--------+--------+--------+--------+-----+--------+
         Total |   1068 |   1053 |     15 |      0 |    821 |   2 |  534.0 |
       Dungeon |   1068 |   1053 |     15 |      0 |    821 |   2 |  534.0 |
               +--------+--------+--------+--------+--------+-----+--------+

Top non-repeatable levels by time:
     D:1: 734 daAuts
     D:2: 333 daAuts
